 Dungeon Crawl Stone Soup version 0.29.0-4-gdea44cf6ec (webtiles) character file.

Game seed: 13449504018584679579

142963 qw the Peltast (level 16, -4/232 HPs)
             Began as a Minotaur Berserker on Sept 10, 2022.
             Was a High Priest of Trog.
             Succumbed to a naga mage's splash of poison
             ... on level 1 of the Snake Pit.
             The game lasted 00:12:33 (36221 turns).

qw the Peltast (Minotaur Berserker)                Turns: 36221, Time: 00:12:33

Health: -4/232     AC: 37    Str: 28    XL:     16   Next: 81%
Magic:  11/15      EV: 13    Int:  4    God:    Trog [*****.]
Gold:   182        SH: 24    Dex:  8    Spells: 15/15 levels left

rFire   . . .      SeeInvis .   Y - +1 broad axe (freeze)
rCold   + + .      Faith    .   u - +0 tower shield
rNeg    . . .      Spirit   .   r - +3 plate armour
rPois   x          Reflect  +   d - +2 hat
rElec   .          Harm     .   e - +2 cloak {rCorr}
rCorr   +          Rampage  .   n - +2 pair of gloves "Watsi" {rC++ Dex-2}
Will    +....                   b - +2 pair of boots
Stlth   ..........              l - amulet of reflection
HPRegen 0.48/turn               c - +4 ring of protection
MPRegen 0.14/turn               g - +4 ring of evasion

@: berserking (expiring), lethally poisoned (-4 -> -49), marked, poison
vulnerable, slowed
A: horns 2, retaliatory headbutt, beak, talons 1, deterioration 1, weak 1,
subdued magic 1
a: Renounce Religion, Berserk, Trog's Hand, Brothers in Arms


You were on level 1 of the Snake Pit.
You worshipped Trog.
Trog was extremely pleased with you.
You visited 5 branches of the dungeon, and saw 27 of its levels.
You also visited: Sewer.

You collected 2815 gold pieces.
You spent 2633 gold pieces at shops.


Innate Abilities, Weirdness & Mutations

You have a pair of horns on your head.
You reflexively headbutt those who attack you in melee.
You have a beak for a mouth.
You have sharp toenails.
Your body sometimes deteriorates upon taking damage.
You are weak. (Str -2)
Your spells are a little easier to cast, but a little less powerful.


   Skills:
 - Level 17.0 Fighting
 - Level 18.0 Axes
 - Level 7.1 Throwing
 - Level 16.0 Armour
 - Level 9.0 Dodging
 + Level 19.1 Shields


You had 15 spell levels left.
You didn't know any spells.
Your spell library was empty.

Inventory:

Hand Weapons
 y - a +0 morningstar
 Y - a +1 broad axe of freezing (weapon)
Missiles
 j - 14 boomerangs (quivered)
Armour
 b - a +2 pair of boots (worn)
 d - a +2 hat (worn)
 e - a +2 cloak of preservation (worn)
 n - the +2 pair of gloves "Watsi" (worn) {rC++ Dex-2}
   (You acquired it on level 1 of the Lair of Beasts)

   Dex:       It affects your dexterity (-2).
   rC:        It greatly protects you from cold.
 r - a +3 plate armour (worn)
 u - a +0 tower shield (worn)
 x - the +0 hat of Wuwif {Harm rCorr Str+5}
   (You acquired it on level 12 of the Dungeon)

   Str:       It affects your strength (+5).
   rCorr:     It protects you from acid and corrosion.
   Harm:      It increases damage dealt and taken.
Jewellery
 c - a +4 ring of protection (left hand)
 g - a +4 ring of evasion (right hand)
 h - the ring "Quawkiz" {rElec rF- rCorr Dex+6}
   (You bought it in a shop on level 12 of the Dungeon)

   [ring of dexterity]

   Dex:       It affects your dexterity (+6).
   rF:        It makes you vulnerable to fire.
   rElec:     It insulates you from electricity.
   rCorr:     It protects you from acid and corrosion.
 l - an amulet of reflection (around neck)
 o - a ring of protection from fire
 v - the ring "Vubefik" {rC+ rCorr Str+3}
   (You bought it in a shop on level 3 of the Shoals)

   [ring of resist corrosion]

   Str:       It affects your strength (+3).
   rC:        It protects you from cold.
   rCorr:     It protects you from acid and corrosion.
Scrolls
 k - 8 scrolls of identify
 m - 7 scrolls of teleportation
Potions
 a - 5 potions of haste
 i - 2 potions of heal wounds
 p - 9 potions of mutation
 q - 12 potions of curing
 s - a potion of might
 t - 5 potions of resistance

Dungeon Overview and Level Annotations

Branches:
Dungeon (15/15)            Temple (0/1) D:5            Lair (5/5) D:8
 Shoals (3/4) Lair:3        Snake (2/4) Lair:2        Slime (0/5) Lair:4
    Orc (2/2) D:10            Elf (0/3) Orc:2        Vaults (0/5) D:13
 Depths (0/4) D:15          Sewer (visited)

Altars:
Ashenzari
Dithmenos
Fedhas
Gozag
Kikubaaqudgha
Makhleb
Nemelex Xobeh
Sif Muna
Trog
Uskayaw
Vehumet
Wu Jian
Zin
The Shining One
Jiyva

Shops:
D:10 *   D:11 :*(   D:12 =   Orc:1 :   Orc:2 !:*=   Shoals:2 (   Shoals:3 [=?
Snake:2 *

Portals:
Trove: D:12 (give +3 fire dragon scales)

Annotations:
Shoals:1 3 runed translucent doors, qw's ghost, adept GrFi; thechecker02's ghost, adept GnFi
Shoals:3 2 transporters


Message History

A red film seems to cover your vision as you go berserk!
You feel yourself moving faster!
You feel mighty!
You feel extremely sick.
You are more poisoned.
The naga mage points at the naga ritualist and mumbles some strange words.
The naga ritualist seems to grow toxic.
You slice the naga ritualist!! You freeze the naga ritualist.
The naga ritualist is almost dead.
You feel extremely sick.
You are more poisoned.
The naga ritualist spits poison at you.
The splash of poison hits you but does no damage.
You are lethally poisoned!
You have difficulty breathing.
You feel yourself slow down.
You slash the naga ritualist! You freeze the naga ritualist.
You kill the naga ritualist!
Trog accepts your kill.
You feel extremely sick. You block the naga mage's attack.
You feel extremely sick. You block the naga mage's attack. x2
Things that are here:
a +0 flail; a +0 robe; a naga corpse You slash the naga mage!
You freeze the naga mage. You headbutt the naga mage! You peck the naga mage!
The naga mage is almost dead.
You feel extremely sick.
The naga mage points at you and mumbles some strange words.
The bolt of poison misses you.
You barely miss the naga mage.
The naga mage is almost dead.
You feel extremely sick. The naga mage spits poison at you.
The splash of poison hits you but does no damage.
You are more poisoned.
You slash the naga mage! You freeze the naga mage.
You kill the naga mage!
Trog accepts your kill.
Trog appreciates your killing of a magic user.
You die...

......#######........#
.....##.............#
....##..............###
..###........##....^..#
.##......######.....).#
##........###.........#
#...#..........#...#..#
#...##......%.##.).# .#
#...###.......).@..# #
.).).##...###..)...#
.....##.. #.......#
.../.##.........))..#
......#.................
........................
..).....................
..........(##....##.....
........... #....# ####.


There were no monsters in sight!

Vanquished Creatures
  A kraken (Shoals:3)
  Snorg (Orc:1)
  3 dire elephants (Lair:5)
  An ettin (D:15)
  Josephine (D:9)
  8 merfolk impalers
  8 vault guards (D:13)
  2 boulder beetles (D:13)
  A naga warrior (Snake:1)
  10 hydras
  3 alligator snapping turtles
  5 two-headed ogres
  3 centaur warriors
  2 merfolk aquamancers
  2 tengu warriors
  Urug (Lair:4)
  A naga sharpshooter (Snake:1)
  10 death yaks
  4 orc high priests
  8 skeletal warriors (D:15)
  7 sea snakes
  A spectral death yak (Lair:5)
  A spectral anaconda (Lair:5)
  A wizard (D:15)
  2 naga ritualists (Snake:1)
  Pikel (D:6)
  5 orc knights
  5 mana vipers (Snake:1)
  5 necromancers
  2 ugly things (D:10)
  6 orc sorcerers
  3 deep elf pyromancers (D:15)
  3 fauns
  A salamander (Snake:1)
  A cyclops (shapeshifter) (D:10)
  10 manticores
  5 cyclopes
  2 merfolk sirens
  21 elephants
  Maurice (D:10)
  3 naga magi (Snake:1)
  A torpor snail (Lair:4)
  Joseph (D:7)
  An eye of devastation (Lair:4)
  11 black mambas
  An apocalypse crab (Shoals:1)
  5 water nymphs
  A gargoyle (D:12)
  17 cane toads
  2 dire elephant skeletons (Lair:5)
  4 freezing wraiths
  A rime drake (Lair:1)
  Maggie (Lair:2)
  2 unseen horrors (D:12)
  5 komodo dragons
  5 yaktaurs (D:14)
  A tengu conjurer (Shoals:1)
  6 trolls
  2 wind drakes
  4 polar bears
  2 hornets
  26 merfolk
  9 dream sheep
  13 blink frogs
  2 spectral elephants (Lair:5)
  12 slime creatures
  7 snapping turtles
  A shadow (D:11)
  38 yaks
  7 water elementals
  2 centaur simulacra (D:14)
  6 basilisks
  6 wraiths
  A wyvern (Lair:4)
  A death yak simulacrum (Lair:5)
  3 steam dragons
  11 vampire mosquitoes
  A spectral cane toad (Lair:5)
  A warg (Orc:1)
  11 nagas
  3 acid dragons
  13 water moccasins
  2 hell hounds (Lair:5)
  A floating eye (Lair:4)
  22 orc warriors
  4 black bears
  An ice beast (D:8)
  4 ogres
  An elephant zombie (Lair:5)
  5 boggarts (D:14)
  4 wolves (Lair:2)
  2 elephant skeletons (Lair:5)
  2 lemures (D:6)
  13 centaurs
  A phantom (D:6)
  6 kobold brigands
  12 bullfrogs
  A necrophage (D:5)
  2 gnoll sergeants
  3 cane toad simulacra (Lair:5)
  5 scorpions
  13 wights
  3 elephant simulacra (Lair:5)
  8 killer bees
  An electric eel (Lair:3)
  10 howler monkeys
  2 jellies (D:5)
  13 orc priests
  2 gnoll boudas
  Jessica (D:2)
  2 iguanas
  27 orc wizards
  18 gnolls
  9 adders
  2 river rats
  2 shadow imps
  3 white imps
  5 worms
  2 dart slugs
  77 orcs
  6 bats
  13 endoplasms
  8 giant cockroaches
  9 goblins
  5 hobgoblins
  11 jackals
  23 kobolds
  5 quokkas
  10 ball pythons
  3 frilled lizards
  29 rats
  5 tentacles (Shoals:3)
826 creatures vanquished.

Vanquished Creatures (collateral kills)
  Nikola (Snake:1)
  A merfolk impaler (Shoals:1)
  A naga warrior (Snake:1)
  A merfolk avatar (Shoals:3)
  Sonja (D:11)
  An obsidian statue (Lair:5)
  A mana viper (Snake:1)
  An ugly thing (D:9)
  2 elephants (Lair:5)
  An apocalypse crab (Shoals:1)
  A blink frog (Lair:5)
  A naga (Snake:1)
13 creatures vanquished.

Vanquished Creatures (others)
  2 naga sharpshooters (Snake:1)
  A naga (Snake:1)
  An orc wizard (D:7)
  An orc (Orc:1)
  A kobold (Sewer)
  75 fungi
  119 plants
  A tentacle (Shoals:3)
  41 withered plants
242 creatures vanquished.

Grand Total: 1081 creatures vanquished

Notes
Turn   | Place    | Note
-------+----------+-------------------------------------------
     0 | D:1      | qw the Minotaur Berserker began the quest for the Orb.
     0 | D:1      | Reached XP level 1. HP: 19/19 MP: 0/0
     0 | D:1      | 0 ||| qw: Version: 0.1-a-116-g5d60599
     0 | D:1      | 0 ||| qw: Game counter: 7625
     0 | D:1      | 0 ||| qw: Always use a shield: true
     0 | D:1      | 0 ||| qw: Do Orc after D:15 true
     0 | D:1      | 0 ||| qw: Do second Lair branch before Depths: true
     0 | D:1      | 0 ||| qw: Lair rune preference: random
     0 | D:1      | 0 ||| qw: Plans: Normal
     0 | D:1      | 0 ||| PLANNING D:1-11
   183 | D:1      | Reached XP level 2. HP: 26/26 MP: 1/1
   851 | D:1      | 851 ||| UPGRADING to +0 ring mail.
   861 | D:1      | 861 ||| DROPPING +0 animal skin.
   862 | D:1      | 862 ||| UPGRADING to amulet of reflection.
   867 | D:1      | 867 ||| UPGRADING to +4 ring of protection.
   868 | D:1      | 868 ||| READING scroll labelled TIRAPR WULLAPP.
   869 | D:1      | 869 ||| READING scroll labelled ZAKAAW IDWIDGHU.
   870 | D:1      | 870 ||| READING scroll labelled KELOJOH FITOG.
   871 | D:1      | 871 ||| READING scroll labelled GAYV XOKIHECO.
   872 | D:1      | 872 ||| READING scroll labelled ABLENG HUTT.
   873 | D:1      | 873 ||| Stepping randomly (stuck).
   874 | D:1      | 874 ||| Stepping ~*~*~tactically~*~*~ (cloud).
  1163 | D:2      | 1163 ||| Stepping ~*~*~tactically~*~*~ (stealth).
  1174 | D:2      | Reached XP level 3. HP: 31/31 MP: 2/2
  1204 | D:2      | 1204 ||| INVOKING Berserk.
  1549 | D:2      | 1549 ||| Stepping ~*~*~tactically~*~*~ (stealth).
  1550 | D:2      | 1550 ||| Stepping ~*~*~tactically~*~*~ (stealth).
  1551 | D:2      | 1551 ||| Stepping ~*~*~tactically~*~*~ (stealth).
  1556 | D:2      | 1556 ||| Stepping ~*~*~tactically~*~*~ (stealth).
  1598 | D:2      | Found a faded altar of an unknown god.
  1604 | D:2      | Noticed Jessica
  1606 | D:2      | Killed Jessica
  1606 | D:2      | Reached ** piety under Trog
  1607 | D:2      | Reached skill level 6 in Axes
  1607 | D:2      | Reached XP level 4. HP: 39/39 MP: 3/3
  1655 | D:2      | 1655 ||| Stepping ~*~*~tactically~*~*~ (stealth).
  1908 | D:2      | 1908 ||| UPGRADING to +0 pair of boots.
  1913 | D:2      | 1913 ||| UPGRADING to +1 hat.
  1918 | D:2      | 1918 ||| UPGRADING to +0 chain mail.
  1928 | D:2      | 1928 ||| DROPPING +0 ring mail.
  1929 | D:2      | 1929 ||| READING scroll of enchant armour.
  1929 | D:2      | 1929 ||| ENCHANTING +1 hat.
  1930 | D:2      | 1930 ||| READING scroll labelled XAERAI NY SAILL.
  2031 | D:2      | 2031 ||| DRINKING 2 fizzy yellow potions.
  2179 | D:3      | 2179 ||| Stepping ~*~*~tactically~*~*~ (hiding).
  2491 | D:3      | Found a hide-covered altar of Uskayaw.
  2494 | D:3      | Found a shimmering blue altar of Sif Muna.
  2497 | D:3      | Found a radiant altar of Vehumet.
  2512 | D:3      | Found a shadowy altar of Dithmenos.
  2681 | D:3      | Reached XP level 5. HP: 45/45 MP: 4/4
  2959 | D:3      | 2959 ||| Stepping ~*~*~tactically~*~*~ (stealth).
  2963 | D:3      | 2963 ||| Stepping ~*~*~tactically~*~*~ (stealth).
  2974 | D:3      | 2974 ||| INVOKING Berserk.
  2985 | D:3      | 2985 ||| FLEEEEING.
  2986 | D:3      | 2986 ||| FLEEEEING.
  2990 | D:3      | 2990 ||| FLEEEEING.
  2991 | D:3      | 2991 ||| FLEEEEING.
  2992 | D:3      | 2992 ||| FLEEEEING.
  2993 | D:3      | 2993 ||| FLEEEEING.
  2994 | D:3      | 2994 ||| FLEEEEING.
  2995 | D:3      | 2995 ||| FLEEEEING.
  2996 | D:3      | 2996 ||| STAIRDANCE
  3098 | D:2      | 3098 ||| DROPPING +6 club.
  3399 | D:4      | 3399 ||| Stepping ~*~*~tactically~*~*~ (stealth).
  3403 | D:4      | 3403 ||| Stepping ~*~*~tactically~*~*~ (stealth).
  3455 | D:4      | 3455 ||| Stepping ~*~*~tactically~*~*~ (stealth).
  3460 | D:4      | 3460 ||| Stepping ~*~*~tactically~*~*~ (stealth).
  3527 | D:4      | Reached XP level 6. HP: 48/52 MP: 5/5
  3637 | D:4      | 3637 ||| READING scroll of enchant armour.
  3637 | D:4      | 3637 ||| ENCHANTING +0 pair of boots.
  3666 | D:4      | 3666 ||| INVOKING Berserk.
  3689 | D:4      | 3689 ||| DRINKING 2 potions of curing.
  3689 | D:4      | 3689 ||| (to cure confusion)
  3953 | D:4      | Reached *** piety under Trog
  3955 | D:4      | 3955 ||| Stepping ~*~*~tactically~*~*~ (stealth).
  3959 | D:4      | 3959 ||| Stepping ~*~*~tactically~*~*~ (stealth).
  3972 | D:4      | 3972 ||| DROPPING +0 whip.
  4079 | D:4      | 4079 ||| Stepping ~*~*~tactically~*~*~ (hiding).
  4103 | D:4      | 4103 ||| Stepping ~*~*~tactically~*~*~ (stealth).
  4113 | D:4      | Reached skill level 9 in Axes
  4115 | D:4      | 4115 ||| INVOKING Berserk.
  4117 | D:4      | Reached skill level 3 in Armour
  4117 | D:4      | HP: 14/78 [wight/+0 dire flail (12)]
  4119 | D:4      | Reached XP level 7. HP: 11/60 MP: 6/6
  4392 | D:4      | 4392 ||| Stepping ~*~*~tactically~*~*~ (hiding).
  4396 | D:4      | 4396 ||| INVOKING Berserk.
  4798 | D:4      | 4798 ||| Stepping ~*~*~tactically~*~*~ (hiding).
  4802 | D:4      | 4802 ||| INVOKING Berserk.
  5028 | D:4      | 5028 ||| UPGRADING to +0 pair of gloves.
  5033 | D:4      | 5033 ||| DRINKING 2 puce potions.
  5076 | D:4      | 5076 ||| DRINKING 2 lumpy golden potions.
  5077 | D:4      | 5077 ||| DROPPING potion of lignification.
  5078 | D:4      | 5078 ||| DROPPING potion of brilliance.
  5095 | D:5      | Entered Level 5 of the Dungeon
  5096 | D:5      | 5096 ||| PLANNING SEWER
  5163 | D:5      | 5163 ||| Stepping ~*~*~tactically~*~*~ (stealth).
  5220 | D:5      | 5220 ||| Stepping ~*~*~tactically~*~*~ (stealth).
  5223 | D:5      | 5223 ||| Stepping ~*~*~tactically~*~*~ (stealth).
  5229 | D:5      | 5229 ||| Stepping ~*~*~tactically~*~*~ (stealth).
  5242 | D:5      | Found a glowing drain.
  5243 | D:5      | 5243 ||| READING scroll labelled HUMALIKH EMNI.
  5247 | D:5      | 5247 ||| Stepping ~*~*~tactically~*~*~ (hiding).
  5288 | Sewer    | Entered a sewer
  5332 | Sewer    | Reached skill level 1 in Throwing
  5366 | Sewer    | 5366 ||| Stepping ~*~*~tactically~*~*~ (stealth).
  5509 | Sewer    | Reached **** piety under Trog
  5535 | Sewer    | Reached XP level 8. HP: 64/70 MP: 7/7
  5539 | Sewer    | Reached skill level 6 in Fighting
  5616 | Sewer    | 5616 ||| Stepping ~*~*~tactically~*~*~ (stealth).
  5617 | Sewer    | 5617 ||| Stepping ~*~*~tactically~*~*~ (stealth).
  5626 | Sewer    | 5626 ||| Stepping ~*~*~tactically~*~*~ (stealth).
  5649 | Sewer    | 5649 ||| Stepping ~*~*~tactically~*~*~ (stealth).
  5887 | Sewer    | 5887 ||| DRINKING 2 fuming blue potions.
  5888 | Sewer    | 5888 ||| DRINKING 3 coppery potions.
  5889 | Sewer    | 5889 ||| DRINKING 2 metallic sapphire potions.
  5889 | Sewer    | Gained mutation: You have hidden genetic defects. [potion
                  | of mutation]
  5889 | Sewer    | Gained mutation: You have sharp toenails. [potion of
                  | mutation]
  5889 | Sewer    | Gained mutation: You are dopey. (Int -2) [potion of
                  | mutation]
  5890 | Sewer    | 5890 ||| READING 2 scrolls of identify.
  5890 | Sewer    | 5890 ||| IDENTIFYING blue potion
  5891 | Sewer    | 5891 ||| DROPPING potion of invisibility.
  5917 | D:5      | 5917 ||| PLANNING D:1-11
  5961 | D:5      | 5961 ||| Stepping ~*~*~tactically~*~*~ (stealth).
  5971 | D:5      | 5971 ||| DRINKING potion of curing.
  5971 | D:5      | 5971 ||| (to cure confusion)
  5980 | D:5      | 5980 ||| FLEEEEING.
  5985 | D:5      | 5985 ||| FLEEEEING.
  5986 | D:5      | 5986 ||| FLEEEEING.
  5988 | D:5      | 5988 ||| FLEEEEING.
  6042 | D:5      | Found a blossoming altar of Fedhas.
  6056 | D:5      | 6056 ||| Stepping ~*~*~tactically~*~*~ (stealth).
  6114 | D:5      | 6114 ||| INVOKING Berserk.
  6308 | D:5      | 6308 ||| INVOKING Berserk.
  6319 | D:5      | Gained mutation: You are weak. (Str -2) [hidden defects]
  6482 | D:5      | Found a staircase to the Ecumenical Temple.
  6519 | D:5      | 6519 ||| Stepping ~*~*~tactically~*~*~ (hiding).
  6772 | D:5      | 6772 ||| INVOKING Berserk.
  7306 | D:5      | 7306 ||| READING 2 scrolls labelled RYITHR ESOSI.
  7307 | D:5      | 7307 ||| DRINKING 2 fizzy sapphire potions.
  7411 | D:5      | 7411 ||| READING 2 scrolls of identify.
  7411 | D:5      | 7411 ||| IDENTIFYING sedimented dark potion
  7412 | D:5      | 7412 ||| DROPPING scroll of fog.
  7413 | D:5      | 7413 ||| DROPPING potion of degeneration.
  7414 | D:5      | 7414 ||| DROPPING potion of berserk rage.
  7437 | D:6      | Reached skill level 12 in Axes
  7457 | D:6      | Gained mutation: Armour fits poorly on your strangely
                  | shaped body. [hidden defects]
  7457 | D:6      | Lost mutation: You have hidden genetic defects. [hidden
                  | defects expressed]
  7476 | D:6      | 7476 ||| DRINKING 2 potions of mutation.
  7476 | D:6      | Lost mutation: Armour fits poorly on your strangely shaped
                  | body. [potion of mutation]
  7476 | D:6      | Lost mutation: You are dopey. (Int -2) [potion of mutation]
  7476 | D:6      | Gained mutation: Your spells are a little easier to cast,
                  | but a little less powerful. [potion of mutation]
  7476 | D:6      | Gained mutation: You have a beak for a mouth. [potion of
                  | mutation]
  7476 | D:6      | Gained mutation: Your body sometimes deteriorates upon
                  | taking damage. [potion of mutation]
  7567 | D:6      | 7567 ||| Stepping ~*~*~tactically~*~*~ (stealth).
  7581 | D:6      | 7581 ||| Stepping ~*~*~tactically~*~*~ (stealth).
  7710 | D:6      | Noticed Pikel
  7716 | D:6      | 7716 ||| INVOKING Berserk.
  7722 | D:6      | Killed Pikel
  7723 | D:6      | Reached skill level 6 in Armour
  7723 | D:6      | Reached XP level 9. HP: 79/79 MP: 8/8
  7999 | D:6      | 7999 ||| Stepping ~*~*~tactically~*~*~ (stealth).
  8199 | D:6      | 8199 ||| READING scroll labelled GUSCHAM UCSOC.
  8200 | D:6      | 8200 ||| READING scroll labelled TANIYNG JACIOFF.
  8203 | D:6      | 8203 ||| DRINKING 3 fuming silvery potions.
  8204 | D:6      | 8204 ||| READING 2 scrolls of identify.
  8204 | D:6      | 8204 ||| IDENTIFYING amethyst potion
  8205 | D:6      | 8205 ||| DROPPING potion of ambrosia.
  8206 | D:6      | 8206 ||| DROPPING 2 potions of flight.
  8266 | D:7      | 8266 ||| Stepping ~*~*~tactically~*~*~ (hiding).
  8488 | D:7      | 8488 ||| Stepping ~*~*~tactically~*~*~ (hiding).
  8522 | D:7      | 8522 ||| Stepping ~*~*~tactically~*~*~ (stealth).
  8524 | D:7      | 8524 ||| Stepping ~*~*~tactically~*~*~ (hiding).
  8565 | D:7      | Noticed Joseph
  8579 | D:7      | Killed Joseph
  8586 | D:7      | 8586 ||| Stepping ~*~*~tactically~*~*~ (stealth).
  8808 | D:7      | Reached ***** piety under Trog
  8861 | D:7      | 8861 ||| Stepping ~*~*~tactically~*~*~ (hiding).
  8862 | D:7      | 8862 ||| Stepping ~*~*~tactically~*~*~ (hiding).
  8874 | D:7      | 8874 ||| Stepping ~*~*~tactically~*~*~ (stealth).
  8896 | D:7      | 8896 ||| Stepping ~*~*~tactically~*~*~ (stealth).
  8951 | D:7      | 8951 ||| Stepping ~*~*~tactically~*~*~ (stealth).
  9058 | D:7      | 9058 ||| READING scroll labelled CUYLLYT CILECA.
  9058 | D:7      | Identified a scroll of acquirement
  9058 | D:7      | 9058 ||| ACQUIRING +1 cloak of preservation
  9058 | D:7      | Acquired a +1 cloak of preservation
  9060 | D:7      | 9060 ||| UPGRADING to +1 cloak of preservation.
  9065 | D:7      | 9065 ||| READING scroll labelled AZA HIARUEGUGG.
  9066 | D:7      | 9066 ||| READING 2 scrolls of identify.
  9066 | D:7      | 9066 ||| IDENTIFYING lumpy emerald potion
  9067 | D:7      | 9067 ||| DROPPING potion of attraction.
  9157 | D:8      | 9157 ||| INVOKING Berserk.
  9225 | D:8      | Reached skill level 3 in Dodging
  9229 | D:8      | 9229 ||| INVOKING Berserk.
  9230 | D:8      | Reached XP level 10. HP: 90/90 MP: 9/9
  9233 | D:8      | Found a staircase to the Lair.
  9405 | D:8      | Reached skill level 9 in Fighting
  9566 | D:8      | 9566 ||| Stepping ~*~*~tactically~*~*~ (stealth).
  9582 | D:8      | 9582 ||| INVOKING Berserk.
  9764 | D:8      | 9764 ||| Stepping ~*~*~tactically~*~*~ (stealth).
  9875 | D:8      | 9875 ||| Stepping ~*~*~tactically~*~*~ (hiding).
  9876 | D:8      | 9876 ||| Stepping ~*~*~tactically~*~*~ (hiding).
 10000 | D:8      | 10000 ||| Stepping ~*~*~tactically~*~*~ (hiding).
 10011 | D:8      | 10011 ||| Stepping ~*~*~tactically~*~*~ (hiding).
 10220 | D:8      | 10220 ||| Stepping ~*~*~tactically~*~*~ (hiding).
 10337 | D:8      | 10337 ||| PLANNING LAIR
 10337 | D:8      | 10337 ||| UPGRADING to ring of protection from cold.
 10379 | Lair:1   | Entered Level 1 of the Lair of Beasts
 10430 | Lair:1   | 10430 ||| INVOKING Berserk.
 10563 | Lair:1   | 10563 ||| READING scroll of acquirement.
 10563 | Lair:1   | 10563 ||| ACQUIRING +2 pair of gloves "Watsi" {rC++ Dex-2}
 10563 | Lair:1   | Acquired the +2 pair of gloves "Watsi" {rC++ Dex-2}
 10565 | Lair:1   | 10565 ||| UPGRADING to +2 pair of gloves "Watsi" {rC++
                  | Dex-2}.
 10575 | Lair:1   | 10575 ||| DROPPING +0 pair of gloves.
 10629 | Lair:1   | 10629 ||| Stepping ~*~*~tactically~*~*~ (hiding).
 10951 | Lair:1   | Noticed a cane toad
 10954 | Lair:1   | 10954 ||| INVOKING Berserk.
 10960 | Lair:1   | Killed a cane toad
 10969 | Lair:1   | Reached skill level 9 in Armour
 11108 | Lair:1   | 11108 ||| Stepping ~*~*~tactically~*~*~ (stealth).
 11259 | Lair:1   | Noticed a cane toad
 11263 | Lair:1   | 11263 ||| INVOKING Berserk.
 11265 | Lair:1   | Killed a cane toad
 11523 | Lair:1   | 11523 ||| Stepping ~*~*~tactically~*~*~ (stealth).
 11752 | Lair:1   | 11752 ||| UPGRADING to +6 ring of dexterity.
 11754 | Lair:1   | 11754 ||| READING scroll labelled ZEIDWOE PURUSK.
 11772 | Lair:2   | Noticed a cane toad
 11775 | Lair:2   | 11775 ||| INVOKING Berserk.
 11778 | Lair:2   | Killed a cane toad
 11779 | Lair:2   | Reached XP level 11. HP: 103/103 MP: 10/10
 11784 | Lair:2   | 11784 ||| STAIRDANCE
 11911 | Lair:2   | Found a staircase to the Snake Pit.
 11938 | Lair:2   | 11938 ||| INVOKING Berserk.
 11951 | Lair:2   | Reached skill level 12 in Fighting
 11961 | Lair:2   | HP: 38/156 [naga/+0 battleaxe (8)]
 11966 | Lair:2   | Reached skill level 6 in Dodging
 12251 | Lair:2   | 12251 ||| SWAPPING to +0 war axe.
 12252 | Lair:2   | 12252 ||| DROPPING +1 hand axe of protection.
 12399 | Lair:2   | Noticed Maggie
 12413 | Lair:2   | Killed Maggie
 12445 | Lair:2   | 12445 ||| INVOKING Berserk.
 12561 | Lair:2   | 12561 ||| READING scroll of brand weapon.
 12561 | Lair:2   | 12561 ||| BRANDING +0 war axe.
 12562 | Lair:2   | 12562 ||| DROPPING +0 flail of protection.
 12583 | Lair:2   | 12583 ||| INVOKING Berserk.
 12589 | Lair:2   | Reached skill level 15 in Axes
 12888 | Lair:2   | Noticed a five-headed hydra
 12893 | Lair:2   | 12893 ||| INVOKING Berserk.
 12897 | Lair:2   | Killed a one-headed hydra
 12902 | Lair:2   | 12902 ||| INVOKING Brothers in Arms.
 13114 | Lair:2   | 13114 ||| INVOKING Berserk.
 13317 | Lair:2   | 13317 ||| READING scroll labelled XAVVUI ENOLO.
 13341 | Lair:3   | 13341 ||| Stepping ~*~*~tactically~*~*~ (stealth).
 13343 | Lair:3   | 13343 ||| INVOKING Berserk.
 13463 | Lair:3   | 13463 ||| INVOKING Berserk.
 13590 | Lair:3   | Noticed a five-headed hydra
 13596 | Lair:3   | 13596 ||| INVOKING Berserk.
 13598 | Lair:3   | Killed a three-headed hydra
 13619 | Lair:3   | 13619 ||| FLEEEEING.
 13626 | Lair:3   | 13626 ||| STAIRDANCE
 13734 | Lair:3   | 13734 ||| INVOKING Berserk.
 13894 | Lair:3   | Identified the +5 ring mail "Xiugyt" {rCorr Str-2 Int-4
                  | Dex+9}
 13908 | Lair:3   | Noticed a death yak
 13908 | Lair:3   | Noticed a death yak
 13909 | Lair:3   | Noticed a death yak
 13910 | Lair:3   | Noticed a death yak
 13911 | Lair:3   | Noticed a death yak
 13912 | Lair:3   | Noticed a death yak
 13913 | Lair:3   | 13913 ||| INVOKING Berserk.
 13915 | Lair:3   | Killed a death yak
 13916 | Lair:3   | Reached XP level 12. HP: 115/115 MP: 11/11
 13922 | Lair:3   | Killed a death yak
 13925 | Lair:3   | Killed a death yak
 13926 | Lair:3   | Killed a death yak
 13931 | Lair:3   | Killed a death yak
 13931 | Lair:3   | Killed a death yak
 14161 | Lair:3   | 14161 ||| Stepping ~*~*~tactically~*~*~ (stealth).
 14172 | Lair:3   | Reached skill level 3 in Throwing
 14189 | Lair:3   | 14189 ||| Stepping ~*~*~tactically~*~*~ (stealth).
 14192 | Lair:3   | 14192 ||| Stepping ~*~*~tactically~*~*~ (stealth).
 14195 | Lair:3   | 14195 ||| INVOKING Berserk.
 14629 | Lair:3   | 14629 ||| Stepping ~*~*~tactically~*~*~ (stealth).
 14632 | Lair:3   | 14632 ||| Stepping ~*~*~tactically~*~*~ (stealth).
 14633 | Lair:3   | 14633 ||| Stepping ~*~*~tactically~*~*~ (stealth).
 15038 | Lair:3   | Found a staircase to the Shoals.
 15116 | Lair:3   | 15116 ||| DROPPING +1 ring mail of fire resistance.
 15117 | Lair:3   | 15117 ||| DRINKING 2 ruby potions.
 15118 | Lair:3   | 15118 ||| READING 2 scrolls of identify.
 15118 | Lair:3   | 15118 ||| IDENTIFYING inky potion
 15188 | Lair:4   | Found a staircase to the Slime Pits.
 15189 | Lair:4   | 15189 ||| Stepping ~*~*~tactically~*~*~ (hiding).
 15190 | Lair:4   | 15190 ||| FLEEEEING.
 15193 | Lair:4   | 15193 ||| Stepping ~*~*~tactically~*~*~ (hiding).
 15194 | Lair:4   | 15194 ||| FLEEEEING.
 15210 | Lair:4   | Reached skill level 12 in Armour
 15489 | Lair:4   | 15489 ||| FLEEEEING.
 15490 | Lair:4   | 15490 ||| FLEEEEING.
 15491 | Lair:4   | 15491 ||| FLEEEEING.
 15492 | Lair:4   | 15492 ||| FLEEEEING.
 15494 | Lair:4   | 15494 ||| FLEEEEING.
 15495 | Lair:4   | 15495 ||| STAIRDANCE
 15570 | Lair:3   | 15570 ||| UPGRADING to +0 chain mail of cold resistance.
 15580 | Lair:3   | 15580 ||| DROPPING +0 chain mail.
 15613 | Lair:4   | 15613 ||| Stepping ~*~*~tactically~*~*~ (stealth).
 15614 | Lair:4   | 15614 ||| Stepping ~*~*~tactically~*~*~ (stealth).
 15646 | Lair:4   | 15646 ||| Stepping ~*~*~tactically~*~*~ (stealth).
 15694 | Lair:4   | 15694 ||| FLEEEEING.
 15695 | Lair:4   | 15695 ||| FLEEEEING.
 15696 | Lair:4   | 15696 ||| FLEEEEING.
 15697 | Lair:4   | 15697 ||| FLEEEEING.
 15698 | Lair:4   | 15698 ||| FLEEEEING.
 15700 | Lair:4   | 15700 ||| FLEEEEING.
 15703 | Lair:4   | 15703 ||| INVOKING Berserk.
 15709 | Lair:4   | Reached skill level 15 in Fighting
 15815 | Lair:4   | Noticed Urug
 15815 | Lair:4   | Noticed a death yak
 15815 | Lair:4   | Noticed a death yak
 15820 | Lair:4   | 15820 ||| INVOKING Berserk.
 15823 | Lair:4   | Killed a death yak
 15826 | Lair:4   | Killed a death yak
 15832 | Lair:4   | Killed Urug
 15937 | Lair:4   | 15937 ||| SWAPPING to +0 antimagic broad axe.
 16176 | Lair:4   | 16176 ||| INVOKING Berserk.
 16414 | Lair:4   | Found a viscous altar of Jiyva.
 16505 | Lair:4   | 16505 ||| DROPPING +6 ring of intelligence.
 16540 | Lair:5   | Entered Level 5 of the Lair of Beasts
 16547 | Lair:5   | Noticed a seven-headed hydra
 16548 | Lair:5   | 16548 ||| INVOKING Brothers in Arms.
 16549 | Lair:5   | 16549 ||| INVOKING Brothers in Arms.
 16550 | Lair:5   | 16550 ||| Stepping ~*~*~tactically~*~*~ (stealth).
 16552 | Lair:5   | 16552 ||| INVOKING Brothers in Arms.
 16554 | Lair:5   | 16554 ||| SWAPPING to +0 war axe of flaming.
 16555 | Lair:5   | 16555 ||| INVOKING Berserk.
 16556 | Lair:5   | Killed a six-headed hydra
 16557 | Lair:5   | Reached XP level 13. HP: 126/126 MP: 3/12
 16569 | Lair:5   | 16569 ||| SWAPPING to +0 antimagic broad axe.
 16584 | Lair:5   | HP: 28/126 [black mamba (9)]
 16585 | Lair:5   | 16585 ||| READING 2 scrolls of teleportation.
 16585 | Lair:5   | HP: 4/126 [poisoned by a black mamba]
 16586 | Lair:5   | 16586 ||| DRINKING 3 potions of heal wounds.
 16587 | Lair:5   | 16587 ||| DRINKING 2 potions of heal wounds.
 16588 | Lair:5   | 16588 ||| DRINKING potion of heal wounds.
 16591 | Lair:5   | HP: 30/126 [poisoned by a black mamba]
 16596 | Lair:5   | HP: 22/126 [poisoned by a black mamba]
 16644 | Lair:5   | 16644 ||| INVOKING Berserk.
 16709 | Lair:5   | 16709 ||| Stepping ~*~*~tactically~*~*~ (stealth).
 16719 | Lair:5   | 16719 ||| INVOKING Berserk.
 16965 | Lair:5   | 16965 ||| Stepping ~*~*~tactically~*~*~ (stealth).
 16967 | Lair:5   | 16967 ||| Stepping ~*~*~tactically~*~*~ (stealth).
 16969 | Lair:5   | 16969 ||| INVOKING Brothers in Arms.
 16970 | Lair:5   | 16970 ||| INVOKING Brothers in Arms.
 16971 | Lair:5   | 16971 ||| INVOKING Brothers in Arms.
 16972 | Lair:5   | 16972 ||| INVOKING Brothers in Arms.
 16973 | Lair:5   | 16973 ||| INVOKING Brothers in Arms.
 16974 | Lair:5   | 16974 ||| INVOKING Brothers in Arms.
 16975 | Lair:5   | 16975 ||| SWAPPING to +0 war axe of flaming.
 16976 | Lair:5   | 16976 ||| INVOKING Berserk.
 16995 | Lair:5   | 16995 ||| SWAPPING to +0 antimagic broad axe.
 17077 | Lair:5   | 17077 ||| FLEEEEING.
 17078 | Lair:5   | 17078 ||| FLEEEEING.
 17079 | Lair:5   | 17079 ||| STAIRDANCE
 17148 | Lair:5   | 17148 ||| INVOKING Berserk.
 17158 | Lair:5   | 17158 ||| STAIRDANCE
 17283 | Lair:5   | 17283 ||| INVOKING Berserk.
 17401 | Lair:5   | 17401 ||| Stepping ~*~*~tactically~*~*~ (stealth).
 17403 | Lair:5   | 17403 ||| INVOKING Berserk.
 17572 | Lair:5   | 17572 ||| Stepping ~*~*~tactically~*~*~ (stealth).
 17574 | Lair:5   | 17574 ||| Stepping ~*~*~tactically~*~*~ (stealth).
 17576 | Lair:5   | 17576 ||| Stepping ~*~*~tactically~*~*~ (stealth).
 17577 | Lair:5   | 17577 ||| INVOKING Berserk.
 17703 | Lair:5   | 17703 ||| INVOKING Berserk.
 17768 | Lair:5   | 17768 ||| INVOKING Berserk.
 17939 | Lair:5   | 17939 ||| SWAPPING to +0 war axe of flaming.
 17941 | Lair:5   | 17941 ||| INVOKING Berserk.
 17982 | Lair:5   | 17982 ||| SWAPPING to +0 antimagic broad axe.
 18097 | Lair:5   | 18097 ||| Stepping ~*~*~tactically~*~*~ (stealth).
 18257 | Lair:5   | Reached skill level 18 in Axes
 18557 | Lair:5   | Noticed a dire elephant
 18557 | Lair:5   | Noticed a dire elephant
 18638 | Lair:5   | Reached skill level 6 in Throwing
 18715 | Lair:5   | 18715 ||| INVOKING Berserk.
 18724 | Lair:5   | Killed a dire elephant
 18742 | Lair:5   | Killed a dire elephant
 19005 | Lair:5   | Noticed a dire elephant
 19026 | Lair:5   | 19026 ||| INVOKING Brothers in Arms.
 19134 | Lair:5   | 19134 ||| READING scroll of brand weapon.
 19134 | Lair:5   | 19134 ||| BRANDING +0 antimagic broad axe.
 19220 | Lair:5   | 19220 ||| Stepping ~*~*~tactically~*~*~ (stealth).
 19243 | Lair:5   | 19243 ||| Stepping ~*~*~tactically~*~*~ (stealth).
 19245 | Lair:5   | 19245 ||| Stepping ~*~*~tactically~*~*~ (hiding).
 19280 | Lair:5   | 19280 ||| Stepping ~*~*~tactically~*~*~ (stealth).
 19427 | Lair:5   | 19427 ||| INVOKING Berserk.
 19432 | Lair:5   | Killed a dire elephant
 19433 | Lair:5   | Reached XP level 14. HP: 137/137 MP: 13/13
 19954 | Lair:5   | 19954 ||| INVOKING Berserk.
 20140 | Lair:5   | 20140 ||| PLANNING D:1-11
 20140 | Lair:5   | 20140 ||| READING scroll labelled PAEROEROIS.
 20172 | Lair:5   | 20172 ||| Stepping ~*~*~tactically~*~*~ (stealth).
 20303 | D:9      | 20303 ||| Stepping ~*~*~tactically~*~*~ (hiding).
 20305 | D:9      | 20305 ||| Stepping ~*~*~tactically~*~*~ (hiding).
 20460 | D:9      | 20460 ||| Stepping ~*~*~tactically~*~*~ (stealth).
 20461 | D:9      | 20461 ||| Stepping ~*~*~tactically~*~*~ (stealth).
 20462 | D:9      | 20462 ||| Stepping ~*~*~tactically~*~*~ (stealth).
 20463 | D:9      | 20463 ||| Stepping ~*~*~tactically~*~*~ (stealth).
 20465 | D:9      | 20465 ||| Stepping ~*~*~tactically~*~*~ (stealth).
 20504 | D:9      | Reached skill level 9 in Dodging
 20631 | D:9      | 20631 ||| INVOKING Brothers in Arms.
 20633 | D:9      | 20633 ||| SWAPPING to +0 war axe of flaming.
 20634 | D:9      | 20634 ||| INVOKING Berserk.
 20647 | D:9      | 20647 ||| SWAPPING to +0 broad axe of venom.
 20839 | D:9      | Found a burning altar of Makhleb.
 20935 | D:9      | 20935 ||| Stepping ~*~*~tactically~*~*~ (stealth).
 21074 | D:9      | 21074 ||| Stepping ~*~*~tactically~*~*~ (stealth).
 21082 | D:9      | 21082 ||| Stepping ~*~*~tactically~*~*~ (stealth).
 21196 | D:9      | 21196 ||| UPGRADING to +0 chain mail of fire resistance.
 21206 | D:9      | 21206 ||| DROPPING +0 chain mail of cold resistance.
 21207 | D:9      | 21207 ||| DROPPING +5 ring mail "Xiugyt" {rCorr Str-2 Int-4
                  | Dex+9}.
 21208 | D:9      | 21208 ||| UPGRADING to +0 plate armour.
 21218 | D:9      | 21218 ||| READING scroll labelled LEIXAFFUIS.
 21235 | D:10     | Entered Level 10 of the Dungeon
 21236 | D:10     | Noticed Josephine
 21237 | D:10     | 21237 ||| Stepping ~*~*~tactically~*~*~ (hiding).
 21239 | D:10     | 21239 ||| Stepping ~*~*~tactically~*~*~ (hiding).
 21242 | D:10     | 21242 ||| STAIRDANCE
 21304 | D:10     | 21304 ||| STAIRDANCE
 21306 | D:9      | Killed Josephine
 21322 | D:10     | 21322 ||| STAIRDANCE
 21342 | D:10     | 21342 ||| Stepping ~*~*~tactically~*~*~ (stealth).
 21406 | D:10     | Noticed Maurice
 21426 | D:10     | Killed Maurice
 21502 | D:10     | Found a sparkling altar of Nemelex Xobeh.
 21597 | D:10     | 21597 ||| Stepping ~*~*~tactically~*~*~ (hiding).
 21644 | D:10     | 21644 ||| Stepping ~*~*~tactically~*~*~ (hiding).
 21813 | D:10     | Found an ancient bone altar of Kikubaaqudgha.
 21821 | D:10     | Found a staircase to the Orcish Mines.
 21998 | D:10     | Found an ornate altar of the Wu Jian Council.
 21999 | D:10     | Found a glowing silver altar of Zin.
 22000 | D:10     | Found a bloodstained altar of Trog.
 22000 | D:10     | Found an opulent altar of Gozag.
 22001 | D:10     | Found a glowing golden altar of the Shining One.
 22129 | D:10     | 22129 ||| UPGRADING to +0 buckler.
 22145 | D:10     | Reached skill level 1 in Shields
 22164 | D:10     | 22164 ||| READING scroll of teleportation.
 22180 | D:10     | Reached skill level 2 in Shields
 22232 | D:10     | 22232 ||| Stepping randomly (stuck).
 22279 | D:10     | 22279 ||| READING scroll of enchant weapon.
 22279 | D:10     | 22279 ||| ENCHANTING +0 broad axe of venom.
 22301 | D:10     | 22301 ||| UPGRADING to +4 ring of evasion.
 22303 | D:10     | 22303 ||| DROPPING ring of see invisible.
 22501 | D:10     | Reached skill level 3 in Shields
 22534 | D:10     | Found Qeuz's Assorted Antiques.
 22539 | D:10     | 22539 ||| BUYING 2 potions of curing (144 gold).
 22539 | D:10     | Bought 2 potions of curing for 144 gold pieces
 22539 | D:10     | 22539 ||| BUYING potion of mutation (192 gold).
 22539 | D:10     | Bought a potion of mutation for 192 gold pieces
 22539 | D:10     | 22539 ||| BUYING yellow potion (21 gold).
 22539 | D:10     | Bought a yellow potion for 21 gold pieces
 22539 | D:10     | 22539 ||| DROPPING ring of protection from cold.
 22540 | D:10     | 22540 ||| DROPPING +6 ring of dexterity.
 22541 | D:10     | 22541 ||| READING 4 scrolls of identify.
 22541 | D:10     | 22541 ||| IDENTIFYING yellow potion
 22590 | D:11     | 22590 ||| Stepping ~*~*~tactically~*~*~ (hiding).
 22619 | D:11     | 22619 ||| READING scroll of enchant armour.
 22619 | D:11     | 22619 ||| ENCHANTING +1 pair of boots.
 22714 | D:11     | Reached skill level 4 in Shields
 22729 | D:11     | Found Efrumpupp's Book Shoppe.
 22801 | D:11     | 22801 ||| READING scroll of enchant armour.
 22801 | D:11     | 22801 ||| ENCHANTING +1 cloak of preservation.
 22878 | D:11     | Found Xaentob's Weapon Emporium.
 22924 | D:11     | 22924 ||| READING 3 scrolls of brand weapon.
 22924 | D:11     | 22924 ||| BRANDING +1 broad axe of venom.
 22925 | D:11     | 22925 ||| READING 2 scrolls of brand weapon.
 22925 | D:11     | 22925 ||| BRANDING +1 broad axe of freezing.
 22926 | D:11     | 22926 ||| DROPPING +0 war axe of flaming.
 22927 | D:11     | 22927 ||| READING scroll of brand weapon.
 22927 | D:11     | 22927 ||| BRANDING +1 broad axe of flaming.
 22932 | D:11     | Identified the +7 battleaxe "Ynofaug" {protect, rF++}
 22940 | D:11     | Noticed Sonja
 22941 | D:11     | 22941 ||| Stepping ~*~*~tactically~*~*~ (stealth).
 22945 | D:11     | 22945 ||| INVOKING Brothers in Arms.
 22952 | D:11     | 22952 ||| INVOKING Berserk.
 22952 | D:11     | Killed Sonja
 22953 | D:11     | Reached skill level 5 in Shields
 23191 | D:11     | 23191 ||| Stepping ~*~*~tactically~*~*~ (stealth).
 23193 | D:11     | 23193 ||| Stepping ~*~*~tactically~*~*~ (stealth).
 23195 | D:11     | 23195 ||| Stepping ~*~*~tactically~*~*~ (stealth).
 23211 | D:11     | Received a gift from Trog
 23216 | D:11     | 23216 ||| DROPPING +5 vorpal war axe.
 23357 | D:11     | Found Saxusun's General Store.
 23365 | D:11     | 23365 ||| BUYING potion of resistance (130 gold).
 23365 | D:11     | Bought a potion of resistance for 130 gold pieces
 23469 | D:11     | 23469 ||| PLANNING D
 23502 | D:12     | 23502 ||| STAIRDANCE
 23506 | D:11     | Reached skill level 6 in Shields
 23523 | D:12     | Found Otoolir's Jewellery Boutique.
 23531 | D:12     | 23531 ||| BUYING ring "Quawkiz" {rElec rF- rCorr Dex+6}
                  | (680 gold).
 23531 | D:12     | Bought the ring "Quawkiz" {rElec rF- rCorr Dex+6} for 680
                  | gold pieces
 23531 | D:12     | 23531 ||| SHOPLISTING ring of Giaghor {rPois rCorr} (436
                  | gold, have 241).
 23974 | D:12     | Reached skill level 7 in Shields
 24032 | D:12     | 24032 ||| READING scroll of acquirement.
 24032 | D:12     | 24032 ||| ACQUIRING +0 hat of Wuwif {Harm rCorr Str+5}
 24032 | D:12     | Acquired the +0 hat of Wuwif {Harm rCorr Str+5}
 24052 | D:12     | 24052 ||| Stepping ~*~*~tactically~*~*~ (stealth).
 24053 | D:12     | 24053 ||| Stepping ~*~*~tactically~*~*~ (stealth).
 24128 | D:12     | Found a portal to a secret trove of treasure.
 24219 | D:12     | 24219 ||| DROPPING +3 flail.
 24488 | D:12     | 24488 ||| Stepping ~*~*~tactically~*~*~ (hiding).
 24621 | D:13     | Reached skill level 8 in Shields
 24699 | D:13     | 24699 ||| DRINKING potion of cancellation.
 24722 | D:13     | 24722 ||| INVOKING Berserk.
 24862 | D:13     | 24862 ||| INVOKING Brothers in Arms.
 24863 | D:13     | 24863 ||| SWAPPING to +0 morningstar.
 24864 | D:13     | 24864 ||| INVOKING Berserk.
 24874 | D:13     | Reached skill level 9 in Shields
 24887 | D:13     | 24887 ||| SWAPPING to +1 broad axe of venom.
 25039 | D:13     | 25039 ||| Stepping ~*~*~tactically~*~*~ (stealth).
 25040 | D:13     | 25040 ||| Stepping ~*~*~tactically~*~*~ (stealth).
 25042 | D:13     | 25042 ||| Stepping ~*~*~tactically~*~*~ (stealth).
 25069 | D:13     | 25069 ||| Stepping ~*~*~tactically~*~*~ (stealth).
 25111 | D:13     | Reached skill level 10 in Shields
 25271 | D:13     | Found a gate to the Vaults.
 25290 | D:13     | 25290 ||| Stepping ~*~*~tactically~*~*~ (hiding).
 25311 | D:13     | 25311 ||| INVOKING Berserk.
 25316 | D:13     | Reached XP level 15. HP: 145/145 MP: 14/14
 25358 | D:13     | 25358 ||| FLEEEEING.
 25359 | D:13     | 25359 ||| FLEEEEING.
 25360 | D:13     | 25360 ||| FLEEEEING.
 25361 | D:13     | 25361 ||| FLEEEEING.
 25362 | D:13     | 25362 ||| FLEEEEING.
 25363 | D:13     | 25363 ||| FLEEEEING.
 25364 | D:13     | 25364 ||| FLEEEEING.
 25365 | D:13     | 25365 ||| FLEEEEING.
 25366 | D:13     | 25366 ||| FLEEEEING.
 25717 | D:13     | 25717 ||| SWAPPING to +0 morningstar.
 25718 | D:13     | 25718 ||| INVOKING Berserk.
 25732 | D:13     | 25732 ||| SWAPPING to +1 broad axe of venom.
 26092 | D:13     | 26092 ||| UPGRADING to +2 kite shield.
 26102 | D:13     | 26102 ||| DROPPING +0 buckler.
 26103 | D:13     | 26103 ||| UPGRADING to +0 tower shield.
 26113 | D:13     | 26113 ||| DROPPING +2 kite shield.
 26209 | D:14     | 26209 ||| Stepping ~*~*~tactically~*~*~ (hiding).
 26212 | D:14     | 26212 ||| Stepping ~*~*~tactically~*~*~ (hiding).
 26215 | D:14     | 26215 ||| Stepping ~*~*~tactically~*~*~ (hiding).
 26363 | D:14     | 26363 ||| SWAPPING to +0 morningstar.
 26364 | D:14     | 26364 ||| INVOKING Berserk.
 26377 | D:14     | Reached skill level 11 in Shields
 26377 | D:14     | 26377 ||| SWAPPING to +1 broad axe of venom.
 26511 | D:14     | Found a broken altar of Ashenzari.
 26551 | D:14     | 26551 ||| Stepping ~*~*~tactically~*~*~ (stealth).
 26555 | D:14     | 26555 ||| Stepping ~*~*~tactically~*~*~ (stealth).
 26631 | D:14     | 26631 ||| READING scroll of enchant armour.
 26631 | D:14     | 26631 ||| ENCHANTING +0 plate armour.
 26881 | D:14     | 26881 ||| Stepping ~*~*~tactically~*~*~ (stealth).
 26903 | D:14     | 26903 ||| Stepping ~*~*~tactically~*~*~ (hiding).
 26933 | D:14     | 26933 ||| INVOKING Berserk.
 27111 | D:15     | Entered Level 15 of the Dungeon
 27201 | D:15     | 27201 ||| SWAPPING to +0 morningstar.
 27203 | D:15     | 27203 ||| INVOKING Berserk.
 27219 | D:15     | 27219 ||| SWAPPING to +1 broad axe of venom.
 27330 | D:15     | Reached skill level 12 in Shields
 27375 | D:15     | 27375 ||| Stepping ~*~*~tactically~*~*~ (stealth).
 27456 | D:15     | 27456 ||| Stepping ~*~*~tactically~*~*~ (hiding).
 27457 | D:15     | 27457 ||| Stepping ~*~*~tactically~*~*~ (hiding).
 27459 | D:15     | 27459 ||| Stepping ~*~*~tactically~*~*~ (hiding).
 27461 | D:15     | 27461 ||| INVOKING Trog's Hand.
 27462 | D:15     | 27462 ||| INVOKING Berserk.
 27508 | D:15     | 27508 ||| Stepping ~*~*~tactically~*~*~ (stealth).
 27510 | D:15     | 27510 ||| INVOKING Trog's Hand.
 27515 | D:15     | Reached skill level 13 in Shields
 27630 | D:15     | Found a staircase to the Depths.
 27637 | D:15     | 27637 ||| Stepping ~*~*~tactically~*~*~ (stealth).
 27638 | D:15     | 27638 ||| Stepping ~*~*~tactically~*~*~ (stealth).
 27647 | D:15     | 27647 ||| INVOKING Berserk.
 27804 | D:15     | 27804 ||| Stepping ~*~*~tactically~*~*~ (hiding).
 27844 | D:15     | 27844 ||| Stepping ~*~*~tactically~*~*~ (hiding).
 27845 | D:15     | 27845 ||| Stepping ~*~*~tactically~*~*~ (hiding).
 27851 | D:15     | 27851 ||| Stepping ~*~*~tactically~*~*~ (hiding).
 28568 | D:15     | 28568 ||| Stepping ~*~*~tactically~*~*~ (hiding).
 28570 | D:15     | 28570 ||| Stepping ~*~*~tactically~*~*~ (hiding).
 28577 | D:15     | Reached skill level 14 in Shields
 28866 | D:15     | 28866 ||| PLANNING ORC
 28966 | Orc:1    | Entered Level 1 of the Orcish Mines
 28972 | Orc:1    | Noticed Snorg
 28975 | Orc:1    | 28975 ||| Stepping ~*~*~tactically~*~*~ (stealth).
 28980 | Orc:1    | 28980 ||| INVOKING Berserk.
 28990 | Orc:1    | Killed Snorg
 29142 | Orc:1    | Found Yjaxali's Book Emporium.
 29261 | Orc:1    | 29261 ||| DROPPING +0 chain mail of fire resistance.
 29262 | Orc:1    | 29262 ||| UPGRADING to +3 plate armour.
 29272 | Orc:1    | 29272 ||| DROPPING +1 plate armour.
 29283 | Orc:2    | Entered Level 2 of the Orcish Mines
 29287 | Orc:2    | Found a staircase to the Elven Halls.
 29326 | Orc:2    | 29326 ||| FLEEEEING.
 29327 | Orc:2    | 29327 ||| FLEEEEING.
 29328 | Orc:2    | 29328 ||| FLEEEEING.
 29329 | Orc:2    | 29329 ||| FLEEEEING.
 29330 | Orc:2    | 29330 ||| FLEEEEING.
 29331 | Orc:2    | 29331 ||| FLEEEEING.
 29332 | Orc:2    | 29332 ||| FLEEEEING.
 29333 | Orc:2    | 29333 ||| FLEEEEING.
 29334 | Orc:2    | 29334 ||| FLEEEEING.
 29335 | Orc:2    | 29335 ||| STAIRDANCE
 29439 | Orc:2    | 29439 ||| STAIRDANCE
 29674 | Orc:2    | 29674 ||| Stepping ~*~*~tactically~*~*~ (hiding).
 29676 | Orc:2    | 29676 ||| Stepping ~*~*~tactically~*~*~ (hiding).
 29839 | Orc:2    | 29839 ||| Stepping ~*~*~tactically~*~*~ (hiding).
 29857 | Orc:2    | 29857 ||| FLEEEEING.
 29862 | Orc:2    | 29862 ||| FLEEEEING.
 29863 | Orc:2    | 29863 ||| FLEEEEING.
 29864 | Orc:2    | 29864 ||| FLEEEEING.
 29865 | Orc:2    | 29865 ||| INVOKING Trog's Hand.
 29867 | Orc:2    | 29867 ||| INVOKING Berserk.
 29879 | Orc:2    | 29879 ||| INVOKING Brothers in Arms.
 29891 | Orc:2    | 29891 ||| INVOKING Trog's Hand.
 29913 | Orc:2    | Reached skill level 15 in Shields
 29918 | Orc:2    | 29918 ||| INVOKING Berserk.
 29932 | Orc:2    | Found Maro's Jewellery Boutique.
 29932 | Orc:2    | Found Xuocraq's Distillery.
 29939 | Orc:2    | Found Ozirchao's Assorted Antiques.
 29939 | Orc:2    | Found Dashra's Book Emporium.
 30142 | Orc:2    | 30142 ||| SWAPPING to +1 broad axe of freezing.
 30143 | Orc:2    | 30143 ||| DROPPING +1 broad axe of venom.
 30152 | Orc:2    | 30152 ||| BUYING ring of protection from fire (400 gold).
 30152 | Orc:2    | Bought a ring of protection from fire for 400 gold pieces
 30155 | Orc:2    | 30155 ||| BUYING scroll labelled NEBAET WAIHA (25 gold).
 30155 | Orc:2    | Bought a scroll labelled NEBAET WAIHA for 25 gold pieces
 30165 | Orc:2    | 30165 ||| BUYING potion of curing (30 gold).
 30165 | Orc:2    | Bought a potion of curing for 30 gold pieces
 30165 | Orc:2    | 30165 ||| BUYING potion of curing (30 gold).
 30165 | Orc:2    | Bought a potion of curing for 30 gold pieces
 30165 | Orc:2    | 30165 ||| BUYING potion of curing (30 gold).
 30165 | Orc:2    | Bought a potion of curing for 30 gold pieces
 30165 | Orc:2    | 30165 ||| BUYING potion of haste (100 gold).
 30165 | Orc:2    | Bought a potion of haste for 100 gold pieces
 30165 | Orc:2    | 30165 ||| BUYING potion of heal wounds (50 gold).
 30165 | Orc:2    | Bought a potion of heal wounds for 50 gold pieces
 30165 | Orc:2    | 30165 ||| BUYING potion of mutation (80 gold).
 30165 | Orc:2    | Bought a potion of mutation for 80 gold pieces
 30345 | Orc:2    | 30345 ||| READING scroll labelled NEBAET WAIHA.
 30619 | Orc:1    | 30619 ||| DRINKING 12 potions of curing.
 30619 | Orc:1    | 30619 ||| (to cure confusion)
 30627 | Orc:1    | 30627 ||| INVOKING Trog's Hand.
 30628 | Orc:1    | 30628 ||| INVOKING Berserk.
 30879 | Orc:1    | 30879 ||| Stepping ~*~*~tactically~*~*~ (stealth).
 30883 | Orc:1    | 30883 ||| Stepping ~*~*~tactically~*~*~ (stealth).
 30885 | Orc:1    | 30885 ||| Stepping ~*~*~tactically~*~*~ (hiding).
 31009 | Orc:1    | 31009 ||| PLANNING SHOALS:1-3
 31172 | Shoals:1 | Entered Level 1 of the Shoals
 31173 | Shoals:1 | 31173 ||| Stepping ~*~*~tactically~*~*~ (hiding).
 31258 | Shoals:1 | 31258 ||| Stepping ~*~*~tactically~*~*~ (water).
 31267 | Shoals:1 | Found a runed translucent gate.
 31267 | Shoals:1 | Found a runed translucent gate.
 31267 | Shoals:1 | Found a runed translucent gate.
 31268 | Shoals:1 | Noticed qw's ghost (adept GrFi)
 31269 | Shoals:1 | 31269 ||| INVOKING Berserk.
 31272 | Shoals:1 | Reached skill level 16 in Shields
 31318 | Shoals:1 | Noticed thechecker02's ghost (adept GnFi)
 31340 | Shoals:1 | 31340 ||| Stepping ~*~*~tactically~*~*~ (stealth).
 31621 | Shoals:1 | 31621 ||| Stepping ~*~*~tactically~*~*~ (water).
 31809 | Shoals:1 | 31809 ||| INVOKING Berserk.
 31825 | Shoals:1 | 31825 ||| INVOKING Brothers in Arms.
 31828 | Shoals:1 | Reached XP level 16. HP: 135/152 MP: 15/15
 31882 | Shoals:1 | 31882 ||| INVOKING Berserk.
 32087 | Shoals:1 | 32087 ||| INVOKING Berserk.
 32211 | Shoals:1 | 32211 ||| INVOKING Berserk.
 32224 | Shoals:1 | 32224 ||| INVOKING Brothers in Arms.
 32246 | Shoals:1 | Reached skill level 17 in Shields
 32262 | Shoals:1 | 32262 ||| Stepping ~*~*~tactically~*~*~ (cloud).
 32264 | Shoals:1 | 32264 ||| READING 9 scrolls of identify.
 32264 | Shoals:1 | 32264 ||| IDENTIFYING silvery potion
 32265 | Shoals:1 | 32265 ||| Stepping ~*~*~tactically~*~*~ (cloud).
 32266 | Shoals:1 | 32266 ||| DROPPING potion of magic.
 32267 | Shoals:1 | 32267 ||| Stepping ~*~*~tactically~*~*~ (cloud).
 32268 | Shoals:1 | 32268 ||| INVOKING Berserk.
 32334 | Shoals:1 | 32334 ||| INVOKING Berserk.
 32733 | Shoals:2 | 32733 ||| INVOKING Berserk.
 32904 | Shoals:2 | 32904 ||| INVOKING Berserk.
 33073 | Shoals:2 | 33073 ||| INVOKING Berserk.
 33122 | Shoals:2 | 33122 ||| FLEEEEING.
 33123 | Shoals:2 | 33123 ||| FLEEEEING.
 33372 | Shoals:2 | Reached skill level 18 in Shields
 33407 | Shoals:2 | 33407 ||| Stepping ~*~*~tactically~*~*~ (stealth).
 33469 | Shoals:2 | 33469 ||| Stepping ~*~*~tactically~*~*~ (water).
 33477 | Shoals:2 | 33477 ||| INVOKING Berserk.
 33842 | Shoals:2 | 33842 ||| Stepping ~*~*~tactically~*~*~ (hiding).
 33847 | Shoals:2 | 33847 ||| Stepping ~*~*~tactically~*~*~ (stealth).
 33852 | Shoals:2 | 33852 ||| INVOKING Berserk.
 34083 | Shoals:2 | Found Ekkosimm's Antique Weapon Shop.
 34140 | Shoals:3 | 34140 ||| Stepping ~*~*~tactically~*~*~ (hiding).
 34268 | Shoals:3 | 34268 ||| INVOKING Berserk.
 34377 | Shoals:3 | 34377 ||| INVOKING Berserk.
 34492 | Shoals:3 | Found Zeca's Magic Scroll Emporium.
 34521 | Shoals:3 | Found Pabbevas's Jewellery Emporium.
 34526 | Shoals:3 | 34526 ||| Stepping ~*~*~tactically~*~*~ (hiding).
 34551 | Shoals:3 | 34551 ||| BUYING ring "Vubefik" {rC+ rCorr Str+3} (685
                  | gold).
 34551 | Shoals:3 | Bought the ring "Vubefik" {rC+ rCorr Str+3} for 685 gold
                  | pieces
 34556 | Shoals:3 | 34556 ||| INVOKING Berserk.
 34676 | Shoals:3 | Found Peegioc's Antique Armour Shop.
 34703 | Shoals:3 | 34703 ||| SHOPLISTING runed cloak (292 gold, have 111).
 34849 | Shoals:3 | Found a transporter.
 34851 | Shoals:3 | Noticed a kraken
 34853 | Shoals:3 | 34853 ||| INVOKING Berserk.
 34866 | Shoals:3 | Killed a kraken
 34867 | Shoals:3 | Reached skill level 15 in Armour
 34961 | Shoals:3 | Found a transporter.
 35110 | Shoals:3 | 35110 ||| INVOKING Berserk.
 35113 | Shoals:3 | Reached skill level 19 in Shields
 35223 | Shoals:3 | 35223 ||| INVOKING Trog's Hand.
 35224 | Shoals:3 | 35224 ||| INVOKING Brothers in Arms.
 35225 | Shoals:3 | 35225 ||| INVOKING Brothers in Arms.
 35267 | Shoals:3 | 35267 ||| PLANNING SNAKE:1-3
 35267 | Shoals:3 | 35267 ||| DROPPING amulet of faith.
 35439 | Snake:1  | Entered Level 1 of the Snake Pit
 35773 | Snake:1  | You fall into a shaft and drop 1 floor!
 35784 | Snake:2  | Found Zuxuoll's General Store.
 35814 | Snake:2  | 35814 ||| BUYING scroll of teleportation (36 gold).
 35814 | Snake:2  | Bought a scroll of teleportation for 36 gold pieces
 35839 | Snake:1  | 35839 ||| INVOKING Berserk.
 35840 | Snake:1  | Noticed Nikola
 35856 | Snake:1  | 35856 ||| INVOKING Brothers in Arms.
 35862 | Snake:1  | Killed Nikola
 35903 | Snake:1  | 35903 ||| Stepping ~*~*~tactically~*~*~ (stealth).
 36010 | Snake:1  | 36010 ||| Stepping ~*~*~tactically~*~*~ (hiding).
 36012 | Snake:1  | 36012 ||| Stepping ~*~*~tactically~*~*~ (hiding).
 36206 | Snake:1  | Received a gift from Trog
 36215 | Snake:1  | 36215 ||| INVOKING Berserk.
 36216 | Snake:1  | HP: 58/232 [naga ritualist/Olgreb's Toxic Radiance (6)]
 36218 | Snake:1  | HP: 19/232 [poisoned by naga ritualist (concentrated
                  | venom)]
 36220 | Snake:1  | HP: 4/232 [poisoned by naga ritualist (concentrated venom)]
 36221 | Snake:1  | Succumbed to a naga mage's splash of poison

Levels and vault maps discovered:
D:1:      amcnicky_arrival_wind_blow, layout_basic
D:2:      layout_loops_ring, hellmonk_ecumenical_altar_arch_garden,
          serial_bayou_lake_a, uniq_jessica
D:3:      minmay_wonky_spiral, layout_basic, grunt_temple_overflow_cloverleaf
D:4:      layout_loops_corners, minmay_pentomino_pile
D:5:      layout_basic, overflow_temple_1_default,
          minmay_temple_entry_antechambers, portal_sewer_entry_b
D:6:      corexii_shack_village, layout_loops_ring, uniq_pikel
D:7:      layout_loops_ring, uniq_joseph
D:8:      layout_loops_corners, due_lair_maze_entry_diamond,
          minmay_parallelograms
D:9:      layout_gridville, bloody_makhleb, hangedman_corner_corridor
D:10:     layout_loops_ring, grunt_temple_overflow_open,
          nemelex_xobeh_ov_fountains_minmay, minmay_orc_entry_temple_small,
          serial_shops, nicolae_shop_trees, minmay_fractal_squares_gapless_7,
          uniq_maurice, uniq_josephine
D:11:     layout_irregular_city, serial_shops, shop, shop, shop, uniq_sonja
D:12:     layout_grid_maze, trove_entry_hex_spiral, serial_shops,
          nicolae_stop_n_shop_2
D:13:     layout_loops_ring, erik_vaults_2
D:14:     layout_roguey, nrook_mini_vaults, cheibrodos_ashenzari_chains
D:15:     hangedman_depths_entry_civil_slaughter, layout_layer_cave,
          nrook_mini_backslash
Lair:1:   layout_loops_ring, infiniplex_staircase_pool_2
Lair:2:   layout_cave_pods, minmay_snake_entry_guardpost_medium, uniq_maggie
Lair:3:   layout_gridlike, elwin_shoals_entry_rooms, st_stairs_3,
          chequers_serial_rivers_large_a
Lair:4:   layout_regular_city, minmay_slime_entry_eyes, lemuel_fruit_fields,
          uniq_urug
Lair:5:   due_jungle_book, layout_concentric_octagons, enter_volcano_3,
          st_stairs_3, nicolae_quartered_pool_impasse, lemuel_fruit_tree,
          grunt_megastairs_2
Shoals:1: dreamdust_from_the_deep, layout_shoals, gammafunk_ghost_cemetery,
          kb_tengu_band
Shoals:2: layout_shoals, serial_shops, shop
Shoals:3: gammafunk_sealed_arena, layout_shoals, serial_shops,
          nicolae_shop_overgrown_old_shop, nicolae_shop_advertising_works
          [nicolae_subvault_shop_adworks], shop
Snake:1:  layout_onion, minmay_shop_grove, uniq_nikola
Snake:2:  layout_grid_maze, serial_shops, shop, nicolae_diamond_shop,
          shop_statue, hangedman_snake_corridor_split
Orc:1:    layout_caves, serial_shops,
          nicolae_shop_temple_entry_statues_fountains, uniq_snorg
Orc:2:    st_orc_elflike, layout_caves, special_room

Skill      XL: |  1  2  3  4  5  6  7  8  9 10 11 12 13 14 15 16 |
---------------+-------------------------------------------------+-----
Axes           | 4 5 6 7 9 10 12 14 16 18 | 18.0
Fighting       | 4 5 7 8 11 13 15 16 17 | 17.0
Armour         | 3 4 6 9 10 12 14 16 | 16.0
Throwing       | 1 2 3 7 |  7.1
Dodging        | 3 6 8 9 |  9.0
Shields        | 10 16 19 | 19.1

Action                   |  1- 3 |  4- 6 |  7- 9 | 10-12 | 13-15 | 16-18 || total
-------------------------+-------+-------+-------+-------+-------+-------++-------
Melee: Hand axe          |    89 |   174 |   379 |   233 |       |       ||   875
       Headbutt          |     8 |    31 |    75 |   106 |   295 |    73 ||   588
       Punch             |       |       |     5 |     8 |     5 |       ||    18
       Peck              |       |       |    31 |   107 |   318 |    78 ||   534
       War axe           |       |       |       |   208 |    38 |       ||   246
       Broad axe         |       |       |       |     5 |  1087 |   383 ||  1475
       Morningstar       |       |       |       |       |    31 |       ||    31
Throw: Boomerang         |       |       |    86 |   101 |    92 |    22 ||   301
       Javelin           |       |       |       |     3 |    72 |       ||    75
Invok: Berserk           |     1 |     3 |     8 |    20 |    30 |    17 ||    79
       Brothers in Arms  |       |       |       |     2 |     7 |     3 ||    12
       Trog's Hand       |       |       |       |       |     5 |     1 ||     6
  Use: Scroll            |     5 |     3 |    10 |     5 |    15 |     1 ||    39
       Potion            |       |     2 |     9 |     1 |     5 |       ||    17
 Stab: Distracted        |       |       |     1 |       |       |       ||     1
       Held in net/web   |       |       |       |       |       |     1 ||     1
Armor: Ring mail         |    17 |     2 |       |       |       |       ||    19
       Animal skin       |     1 |       |       |       |       |       ||     1
       Chain mail        |       |    56 |   128 |   154 |   184 |       ||   522
       Plate armour      |       |       |       |       |   317 |   109 ||   426
Dodge: Dodged            |    46 |    46 |    62 |   134 |   355 |    77 ||   720
Block: Other             |     9 |    34 |    45 |    62 |    75 |       ||   225
       Reflection        |       |     1 |     3 |     1 |    45 |    31 ||    81
       Buckler           |       |       |       |       |    86 |       ||    86
       Tower shield      |       |       |       |       |   436 |   401 ||   837

Table legend:
 A = Non-vault XP
 B = Vault XP
 C = Vault XP percentage of total XP
 D = Non-vault monster count
 E = Vault monster count
 F = Vault count percentage of total count
                 A         B        C        D         E       F
            +---------+---------+-------+---------+---------+-------
      Total |  144642 |   60047 |  29.3 |     615 |     219 |  26.3
            +---------+---------+-------+---------+---------+-------
        D:1 |      36 |       0 |   0.0 |      20 |       0 |   0.0
        D:2 |      64 |      37 |  36.6 |      17 |       1 |   5.6
        D:3 |     108 |      23 |  17.6 |      19 |       6 |  24.0
        D:4 |     866 |      21 |   2.4 |      38 |       4 |   9.5
        D:5 |     669 |      22 |   3.2 |      25 |       5 |  16.7
        D:6 |     567 |     666 |  54.0 |      12 |      13 |  52.0
        D:7 |     813 |     430 |  34.6 |      23 |       1 |   4.2
        D:8 |    1255 |     890 |  41.5 |      22 |       9 |  29.0
        D:9 |    3036 |    3552 |  53.9 |      25 |       9 |  26.5
       D:10 |    1708 |    3380 |  66.4 |      22 |      18 |  45.0
       D:11 |    3787 |     776 |  17.0 |      17 |       1 |   5.6
       D:12 |    5263 |       0 |   0.0 |      20 |       0 |   0.0
       D:13 |    8652 |    6908 |  44.4 |      16 |       8 |  33.3
       D:14 |    9413 |       0 |   0.0 |      29 |       0 |   0.0
       D:15 |   11619 |    4205 |  26.6 |      21 |       6 |  22.2
     Lair:1 |    3795 |       0 |   0.0 |      18 |       0 |   0.0
     Lair:2 |    6588 |    1339 |  16.9 |      21 |       7 |  25.0
     Lair:3 |   10787 |     943 |   8.0 |      25 |       2 |   7.4
     Lair:4 |    5730 |    1370 |  19.3 |      18 |       3 |  14.3
     Lair:5 |   14909 |   17565 |  54.1 |      41 |      41 |  50.0
   Shoals:1 |   11009 |    5705 |  34.1 |      23 |       8 |  25.8
   Shoals:2 |   14309 |       0 |   0.0 |      36 |       0 |   0.0
   Shoals:3 |   12124 |       0 |   0.0 |      23 |       0 |   0.0
    Snake:1 |   12086 |    2413 |  16.6 |      25 |       1 |   3.8
    Snake:2 |     160 |       0 |   0.0 |       1 |       0 |   0.0
      Orc:1 |    4229 |     979 |  18.8 |      46 |       1 |   2.1
      Orc:2 |    1060 |    8347 |  88.7 |      12 |      25 |  67.6
      Sewer |       0 |     476 | 100.0 |       0 |      50 | 100.0
            +---------+---------+-------+---------+---------+-------
